 Dungeon Crawl Stone Soup version 0.27-a0-1136-g0b992a5a9d (webtiles) character file.

Game seed: 15294177748388824886

22 CovertPenguin the Ruffian (level 2, 24/24 HPs)
             Began as a Ghoul Gladiator on May 5, 2021.
             Safely got out of the dungeon.
             The game lasted 00:01:28 (1219 turns).

CovertPenguin the Ruffian (Ghoul Gladiator)         Turns: 1219, Time: 00:01:29

Health: 24/24      AC:  4    Str: 17    XL:     2   Next: 91%
Magic:  1/1        EV: 12    Int:  3    God:
Gold:   55         SH:  0    Dex: 10    Spells: 1/1 levels left

rFire    . . .     SeeInvis .     - Unarmed
rCold    + . .     Faith    .   (no shield)
rNeg     + + +     Spirit   .   a - +0 leather armour
rPois    ∞         Reflect  .   b - +0 helmet
rElec    .         Harm     .   (no cloak)
rCorr    .         Rampage  .   (no gloves)
Will     .....                  (no boots)
Stlth    +.........             (no amulet)
HPRegen  0.08/turn              (no ring)
MPRegen  0.07/turn              (no ring)

@: no status effects
A: claws 1, cold resistance 1, negative energy resistance 3, inhibited
regeneration, torment resistance 2, unbreathing 1
a: no special abilities


You escaped.
You visited 1 branch of the dungeon, and saw 2 of its levels.

You collected 55 gold pieces.

Inventory:

Missiles
 c - 3 throwing nets (quivered) {!f}
 i - 28 stones
Armour
 a - a +0 leather armour (worn)
 b - a +0 helmet (worn)
Scrolls
 d - a scroll of holy word {unknown}
 g - a scroll of noise {unknown}
 h - a scroll of fear {unknown}
Potions
 e - a potion of curing {unknown}
 f - 2 potions of lignification {unknown}
 j - 2 potions of degeneration {unknown}
 k - a potion of flight {unknown}


   Skills:
 - Level 2.1 Fighting
 - Level 1.7 Throwing
 - Level 2.6 Dodging
 * Level 4.4 Unarmed Combat


You had one spell level left.
You didn't know any spells.
Your spell library was empty.

Dungeon Overview and Level Annotations

Branches:
Dungeon (2/15)

Altars:


Innate Abilities, Weirdness & Mutations

You thrive by killing the living.
You are immune to poison.
You have sharp fingernails.
Your flesh is cold resistant. (rC+)
You are immune to negative energy. (rN+++)
You do not regenerate when monsters are visible.
You are immune to unholy pain and torment.
You can survive without breathing.


Message History

Found a red potion.
k - a red potion You enter the shallow water.
Moving in this stuff is going to be slow.
There is a stone staircase leading down here.
Key pressed, stopping explore.
Done exploring.
Done exploring.
Done exploring.
(D) Dungeon
Where to? (? - help)
There is a stone staircase leading down here.
You climb downwards.
There is a stone staircase leading up here.
Found 11 stones and 11 gold pieces.
Found a lumpy green potion.
i - 28 stones (gained 11)
You now have 48 gold pieces (gained 11).
Found a stone staircase leading up.
Found 7 gold pieces.
f - 2 lumpy green potions (gained 1)
A goblin comes into view. It is wielding a +0 dagger.
The goblin shouts!
A goblin is nearby!
Welcome back, CovertPenguin the Ghoul Gladiator.
You see here 7 gold pieces.
You now have 55 gold pieces (gained 7).
You barely miss the goblin. You claw the goblin!
You kill the goblin!
Things that are here:
a +0 dagger; a goblin corpse
(D) Dungeon
Where to? (? - help)
There is a stone staircase leading up here.
You climb upwards.
There is a stone staircase leading down here.
Done exploring.
(D) Dungeon
Where to? (Enter - D:1, ? - help)
Okay, then.
(D) Dungeon
Where to? (Enter - D:1, ? - help)
Okay, then.
There is an open door here.
There is a staircase leading out of the dungeon here.
There is a staircase leading out of the dungeon here.
You can't go down here!
Are you sure you want to leave the Dungeon?
This will make you lose the game!
You have escaped!

................## #.......#
##............#..# ###+....#
..........######.##########+...(#
.#.##....###≈≈≈♣.♣≈≈≈≈##.......##
.........# #≈.P......≈##.......#
##....##.###≈PPP.....≈##.......#
#.........#≈.P......≈##.......#
#...##....#♣.......♣♣#........##
#...##.........@................
#...##....#♣.......♣♣########.##
#######.#.#≈.P...♣..≈########.##
#.#.#≈PPP.♣♣♣.≈#..........
#.#.#≈.P...♣..≈##.#####.#.
####.#.#≈≈≈♣≈♣≈≈≈≈##.# #...#.
#....#.#####.#######.# #...#.
#....#.# #..# #.# #...#. #....#.#
#.## #.# #...#+


There were no monsters in sight!

Vanquished Creatures
  A dart slug (D:1)
  A ball python (D:1)
  4 bats (D:1)
  3 endoplasms (D:1)
  3 goblins
  2 hobgoblins (D:1)
  2 kobolds (D:1)
  A rat (D:1)
17 creatures vanquished.

Vanquished Creatures (others)
  5 toadstools (D:1)
5 creatures vanquished.

Grand Total: 22 creatures vanquished

Notes
Turn   | Place    | Note
-------+----------+-------------------------------------------
     0 | D:1      | CovertPenguin the Ghoul Gladiator began the quest for the
                  | Orb.
     0 | D:1      | Reached XP level 1. HP: 17/17 MP: 0/0
    90 | D:1      | Found a faded altar of an unknown god.
   172 | D:1      | Reached XP level 2. HP: 22/24 MP: 1/1
   349 | D:1      | Reached skill level 4 in Unarmed Combat
  1219 | D:$      | Safely got out of the dungeon.

Illustrated notes

Levels and vault maps discovered:
D:1:      ldierk_walled_garden, layout_basic, chequers_ecumenical_altar_simple,
          minmay_liquid_box
D:2:      layout_loops_corners, moated_statue, uniq_sigmund, uniq_terence,
          uniq_robin

Skill      XL: |  1  2 |
---------------+-------+-----
Unarmed Combat | 4 |  4.4
Fighting       | |  2.1
Throwing       | |  1.7
Dodging        | |  2.6

Action                   || total
-------------------------++-------
Melee: Unarmed           ||    47
       Punch             ||     2
Armor: Leather armour    ||    11
Dodge: Dodged            ||    27

Table legend: (Time is in decaauts)
 A = Elapsed time spent in this place.
 B = Non-inter-level travel time spent in this place.
 C = Inter-level travel time spent in this place.
 D = Time resting spent in this place.
 E = Time spent auto-exploring this place.
 F = Levels seen in this place.
 G = Mean time per level.
                   A        B        C        D        E       F      G
               +--------+--------+--------+--------+--------+-----+--------+
         Total |   1217 |   1130 |     87 |    147 |    865 |   2 |  608.5 |
       Dungeon |   1217 |   1130 |     87 |    147 |    865 |   2 |  608.5 |
               +--------+--------+--------+--------+--------+-----+--------+

Top non-repeatable levels by time:
     D:1: 1132 daAuts
     D:2: 84 daAuts
